 Dungeon Crawl Stone Soup version 0.21-a0-529-g8c7b3f5 (webtiles) character file.

102 slep the Skirmisher (level 4, 0/24 HPs)
             Began as a Vine Stalker Fighter on Dec 11, 2017.
             Slain by an ogre
             ... wielding a +0 giant club
              (15 damage)
             ... on level 3 of the Dungeon on Dec 12, 2017.
             The game lasted 00:05:23 (1353 turns).

slep the Skirmisher (Vine Stalker Fighter)          Turns: 1353, Time: 00:05:23

Health: 0/24       AC:  7    Str: 20    XL:     4   Next: 78%
Magic:  0/5        EV:  7    Int:  8    God:
Gold:   100        SH:  9    Dex: 13    Spells: 3/3 levels left

rFire    . . .     SeeInvis .   a - +0 war axe
rCold    . . .     Gourm    .   c - +0 shield
rNeg     . . .     Faith    .   b - +0 scale mail
rPois    .         Spirit   +   u - +0 helmet
rElec    .         Reflect  .   (no cloak)
rCorr    .         Harm     .   (no gloves)
MR       .....                  (no boots)
Stlth    ..........             (no amulet)
HPRegen  0.48/turn              (no ring)
MPRegen  0.09/turn              (no ring)

@: no status effects
A: fangs 2, regeneration 1, magic shield, antimagic bite, no potion heal 3, rot
immunity
a: no special abilities


You were on level 3 of the Dungeon.
You were hungry.

You visited 1 branch of the dungeon, and saw 3 of its levels.

You collected 100 gold pieces.

Inventory:

Hand Weapons
 a - a +0 war axe (weapon)
Missiles
 q - 5 tomahawks (quivered)
Armour
 b - a +0 scale mail (worn)
 c - a +0 shield (worn)
 u - a +0 helmet (worn)
Jewellery
 j - an uncursed ring of stealth {unknown}
Scrolls
 g - a scroll of amnesia {unknown}
 h - 2 scrolls of remove curse {unknown}
 k - 4 scrolls of identify {unknown}
 l - a scroll of magic mapping {unknown}
 m - 2 scrolls of immolation {unknown}
 n - a scroll of blinking {unknown}
 s - a scroll of teleportation {unknown}
 t - 3 scrolls of enchant weapon {unknown}
Potions
 d - a potion of might
 e - a potion of cancellation {unknown}
 o - 2 potions of agility {unknown}
 r - a potion of heal wounds {unknown}
Comestibles
 f - 3 bread rations
 i - 2 royal jellies
 p - a meat ration


   Skills:
 + Level 3.2 Fighting
 + Level 3.1 Axes
 + Level 2.8 Armour
 + Level 0.2 Dodging
 + Level 0.7 Stealth
 + Level 3.1 Shields


You had 3 spell levels left.
You didn't know any spells.

Dungeon Overview and Level Annotations

Branches:
Dungeon (3/15)

Altars:
Elyvilon


Innate Abilities, Weirdness & Mutations

You have extremely sharp teeth.
Your natural rate of healing is unusually fast.
When hurt, damage is shared between your health and your magic reserves.
Your bite disrupts and absorbs the magic of your enemies.
Potions cannot restore your health.
You are immune to rotting.


Message History

An ogre comes into view. It is wielding a giant club.
The ogre shouts!
Found a fruit.
Found a white marble altar of Elyvilon.
Found a scroll labeled VAMABE EMAINE.
You hit the ogre.
The ogre is lightly wounded.
The ogre hits you with a giant club!!
Ouch! That really hurt!
* * * LOW HITPOINT WARNING * * *
The ogre barely misses you.
There is a stone staircase leading up here.
You slash the ogre! You bite the ogre. You drain its power.
You feel invigorated.
The ogre is heavily wounded.
The ogre completely misses you.
You hit the ogre.
The ogre is heavily wounded.
The ogre hits you with a giant club!!
Ouch! That really hurt!
You die...

# ... #####..#
..# ####@....#
..#. ###...O....#
....##.....######
..........#####
.#............#
..............#
...............#
.........######
#.#......#


You could see an ogre.

Vanquished Creatures
  4 gnolls
  An ooze (D:1)
  6 dart slugs
  A leopard gecko (D:1)
  2 giant cockroaches (D:2)
  5 goblins
  5 hobgoblins
  A ball python (D:2)
  8 bats
  4 frilled lizards
  10 kobolds
  2 rats
49 creatures vanquished.

Notes
Turn   | Place    | Note
-------+----------+-------------------------------------------
     0 | D:1      | slep the Vine Stalker Fighter began the quest for the Orb.
     0 | D:1      | Reached XP level 1. HP: 11/11 MP: 2/2
   135 | D:1      | Reached XP level 2. HP: 15/16 MP: 3/3
   252 | D:1      | Reached XP level 3. HP: 12/20 MP: 4/4
   947 | D:2      | Gained mutation: Your natural rate of healing is unusually fast. [Vine Stalker growth]
   947 | D:2      | Reached XP level 4. HP: 8/24 MP: 1/5
  1328 | D:3      | Found a white marble altar of Elyvilon.
  1328 | D:3      | Noticed an ogre
  1353 | D:3      | Slain by an ogre

Vault maps used:
D:1:      roderic_crossed_star, minmay_small_reverse_x
D:3:      lemuel_round_altar, lemuel_round_altar, serial_glass, glass_columns_a,
          glass_columns_a, minmay_misc_feat_columns, uniq_ijyb

Skill      XL: |  1  2  3  4 |
---------------+-------------+-----
Fighting       | 3 |  3.2
Axes           | 2 3 |  3.1
Shields        | 3 |  3.1
Armour         | |  2.8
Dodging        | |  0.2
Stealth        | |  0.7

Action                   |  1- 3 |  4- 6 || total
-------------------------+-------+-------++-------
Melee: War axe           |   104 |    24 ||   128
       Bite              |    22 |     7 ||    29
  Eat: Chunk             |       |     1 ||     1
Armor: Scale mail        |    74 |     4 ||    78
Dodge: Dodged            |    43 |    13 ||    56
Block: Shield            |    65 |    15 ||    80

Table legend:
 A = Spawn XP
 B = Non-spawn XP
 C = Spawn XP percentage of total XP
 D = Spawn monster count
 E = Non-spawn monster count
 F = Spawn count percentage of total count
 G = Total turns spent on level
                    A         B        C        D         E        F      G
               +---------+---------+-------+---------+---------+-------+---------
         Total |       0 |     147 |   0.0 |       0 |      49 |   0.0 |  1353
               +---------+---------+-------+---------+---------+-------+---------
           D:1 |       0 |      79 |   0.0 |       0 |      33 |   0.0 |   938
           D:2 |       0 |      68 |   0.0 |       0 |      16 |   0.0 |   374
               +---------+---------+-------+---------+---------+-------+---------
